 Dungeon Crawl Stone Soup version 0.30-a0-1074-g5db6f66fbb (webtiles) character file.

Game seed: 14696631598928825932

219 jimonade the Grasshopper (level 5, -7/39 (43) HPs)
             Began as a Gnoll Warper on Apr 14, 2023.
             Mangled by a troll (8 damage)
             ... on level 5 of the Dungeon.
             The game lasted 00:07:31 (3121 turns).

jimonade the Grasshopper (Gnoll Warper)             Turns: 3121, Time: 00:07:32

HP:   -7/39 (43)    AC:  3    Str: 10    XL:     5   Next: 96%
MP:   21/21         EV: 13    Int: 12    God:
Gold: 130           SH:  0    Dex: 14    Spells: 14/14 levels left

rFire   . . .      SeeInvis .    a - +0 short sword
rCold   . . .      Faith    .    (no shield)
rNeg    . . .      Spirit   .    p - +0 leather armour
rPois   .          Reflect  .    (no helmet)
rElec   .          Rampage  .    (no cloak)
rCorr   .                        (no gloves)
Will    .....                    (no boots)
Stlth   ++                       (no amulet)
HPRegen 0.26/turn                m - ring of magical power
MPRegen 0.17/turn                E - +4 ring of slaying

@: drained
A: fangs 1, strong nose, distributed training
a: no special abilities


You were on level 5 of the Dungeon.
You visited 1 branch of the dungeon, and saw 5 of its levels.

You collected 130 gold pieces.

Inventory:

Hand Weapons
 a - a +0 short sword (weapon)
 b - a +0 sling of draining
 j - a +0 mace
 n - a +1 spear of freezing
 G - a +0 sling
Missiles
 d - 7 boomerangs of dispersal (quivered)
 s - 4 boomerangs
Armour
 p - a +0 leather armour (worn)
Magical Staves
 v - a staff of poison
 D - a staff of earth
 F - a staff of air
Jewellery
 m - a ring of magical power (left hand)
 x - a ring of fire
 E - a +4 ring of slaying (right hand)
Scrolls
 c - a scroll of blinking
 e - 2 scrolls of magic mapping
 f - a scroll of fear
 k - a scroll of noise {unknown}
 t - a scroll of butterflies {unknown}
 u - a scroll of amnesia
 w - a scroll of teleportation {unknown}
 y - a scroll of enchant armour {unknown}
Potions
 i - a potion of haste
 l - a potion of attraction
 o - a potion of flight
 q - a potion of lignification {unknown}
 r - 3 potions of might
 z - a potion of berserk rage {unknown}
 A - 3 potions of resistance
 B - a potion of curing {unknown}
 C - a potion of cancellation {unknown}


   Skills:
 + Level 4.9 Fighting
 + Level 4.9 Short Blades
 + Level 1.8 Long Blades
 + Level 1.8 Axes
 + Level 1.8 Maces & Flails
 + Level 1.8 Polearms
 + Level 1.8 Staves
 + Level 1.8 Ranged Weapons
 + Level 3.1 Throwing
 + Level 3.1 Armour
 + Level 4.9 Dodging
 + Level 1.8 Stealth
 + Level 1.8 Shields
 + Level 1.8 Unarmed Combat
 + Level 5.3 Spellcasting
 + Level 1.4 Conjurations
 + Level 1.4 Hexes
 + Level 1.4 Summonings
 + Level 1.4 Necromancy
 + Level 5.6 Translocations
 + Level 1.4 Transmutations
 + Level 1.4 Fire Magic
 + Level 1.4 Ice Magic
 + Level 1.4 Air Magic
 + Level 1.4 Earth Magic
 + Level 1.4 Poison Magic
 + Level 2.0 Invocations
 + Level 1.8 Evocations


You had 14 spell levels left.
You didn't know any spells.
Your spell library contained the following spells:

 Spells                   Type           Power      Damage    Failure   Level
 Blink                    Tloc           32%        N/A       3%          2
 Lesser Beckoning         Tloc           32%        N/A       3%          2
 Teleport Other           Tloc           16%        N/A       8%          3
 Vhi's Electric Charge    Tloc/Air       22%        N/A       19%         3
 Manifold Assault         Tloc           16%        N/A       26%         4


Dungeon Overview and Level Annotations

Branches:
Dungeon (5/15)
 Temple: D:4-7

Altars:
Vehumet

Annotations:
D:3 exclusion: downstairs
D:4 Edmund, Menkaure


Innate Abilities, Weirdness & Mutations

You have very sharp teeth.
Your uncanny sense of smell can sniff out nearby items.
Your experience applies equally to all skills.


Message History

You shoot a sling bullet. The sling bullet hits the orc warrior.
The orc warrior is lightly wounded.
An iguana comes into view.
An orc wizard comes into view. It is wielding a +0 dagger.
You climb upwards.
Level annotation: Edmund, Menkaure
There is a stone staircase leading down here.
There is a stone staircase leading down here.
You climb downwards.
Found 15 gold pieces.
There is a stone staircase leading up here.
A troll comes into view.
The troll shouts!
You shoot a sling bullet.
The sling bullet hits the troll but does no damage.
You drain the troll.
The troll is lightly wounded.
a - a +0 short sword (weapon)
The troll bites you! The troll claws you. The troll closely misses you.
You are too injured to fight recklessly!
You are too injured to fight recklessly!
You are too injured to fight recklessly!
You hit the troll.
The troll is moderately wounded.
You hit the troll.
The troll is moderately wounded.
The troll misses you. The troll closely misses you.
The troll barely misses you.
You hit the troll.
The troll is heavily wounded.
The troll bites you!
* * * LOW HITPOINT WARNING * * *
The troll claws you.
* * * LOW HITPOINT WARNING * * *
The troll claws you!
* * * LOW HITPOINT WARNING * * *
You hit the troll.
The troll is heavily wounded.
The troll bites you!
You die...

### #.. ∆
#.# #.# #.#
####.####.##
#..T@.......
#.##.#######
#.# #.# #.#
#<# ### ∆


You could see a troll (drained).

Vanquished Creatures
  An ogre (D:3)
  An orc priest (D:4)
  An iguana (D:4)
  2 adders (D:2)
  A dart slug (D:2)
  3 orcs (D:4)
  A bat (D:1)
  6 endoplasms
  4 giant cockroaches (D:1)
  5 goblins
  5 hobgoblins
  3 jackals (D:4)
  7 kobolds
  5 quokkas
  4 ball pythons
  A frilled lizard (D:1)
  6 rats
56 creatures vanquished.

Notes
Turn   | Place    | Note
-------+----------+-------------------------------------------
     0 | D:1      | jimonade the Gnoll Warper began the quest for the Orb.
     0 | D:1      | Reached XP level 1. HP: 20/20 MP: 6/6
   146 | D:1      | Reached XP level 2. HP: 20/26 MP: 7/7
   445 | D:1      | Reached skill level 5 in Spellcasting
   445 | D:1      | Reached XP level 3. HP: 28/31 MP: 7/9
   786 | D:2      | Reached skill level 1 in Invocations
   824 | D:2      | Found a radiant altar of Vehumet.
  1094 | D:2      | Reached skill level 1 in Long Blades
  1094 | D:2      | Reached skill level 1 in Axes
  1094 | D:2      | Reached skill level 1 in Maces & Flails
  1094 | D:2      | Reached skill level 1 in Polearms
  1094 | D:2      | Reached skill level 1 in Staves
  1094 | D:2      | Reached skill level 1 in Ranged Weapons
  1094 | D:2      | Reached skill level 1 in Stealth
  1094 | D:2      | Reached skill level 1 in Shields
  1094 | D:2      | Reached skill level 1 in Unarmed Combat
  1094 | D:2      | Reached skill level 1 in Evocations
  1307 | D:2      | Identified the +12 trident "Xun Ibisowk" {heavy, rN+ Str+4}
  1444 | D:2      | Reached XP level 4. HP: 38/38 MP: 11/11
  1875 | D:3      | Noticed an ogre
  1890 | D:3      | Killed an ogre
  1891 | D:3      | Reached skill level 1 in Conjurations
  1891 | D:3      | Reached skill level 1 in Hexes
  1891 | D:3      | Reached skill level 1 in Summonings
  1891 | D:3      | Reached skill level 1 in Necromancy
  1891 | D:3      | Reached skill level 1 in Transmutations
  1891 | D:3      | Reached skill level 1 in Fire Magic
  1891 | D:3      | Reached skill level 1 in Ice Magic
  1891 | D:3      | Reached skill level 1 in Air Magic
  1891 | D:3      | Reached skill level 1 in Earth Magic
  1891 | D:3      | Reached skill level 1 in Poison Magic
  1891 | D:3      | Reached XP level 5. HP: 43/43 MP: 12/12
  2279 | D:4      | Noticed Edmund
  2648 | D:4      | Noticed Menkaure
  3102 | D:5      | Entered Level 5 of the Dungeon
  3102 | D:5      | Noticed an orc warrior
  3115 | D:5      | Noticed a troll
  3120 | D:5      | HP: 1/39 [troll (9)]
  3121 | D:5      | Mangled by a troll

Illustrated notes

Levels and vault maps discovered:
D:1:      minmay_arrival_solitary_statue, layout_rooms
D:2:      layout_loops_ring, basic_altar, dk_vineyard_3
D:3:      layout_loops_cross
D:4:      layout_loops_cross, minitemple, amcnicky_altar_gilded, serial_shops,
          shop, uniq_menkaure, uniq_edmund
D:5:      layout_basic

Skill      XL: |  1  2  3  4  5 |
---------------+----------------+-----
Spellcasting   | 5 |  5.3
Invocations    | 1 2 |  2.0
Long Blades    | 1 |  1.8
Axes           | 1 |  1.8
Maces & Flails | 1 |  1.8
Polearms       | 1 |  1.8
Staves         | 1 |  1.8
Ranged Weapons | 1 |  1.8
Stealth        | 1 |  1.8
Shields        | 1 |  1.8
Unarmed Combat | 1 |  1.8
Evocations     | 1 |  1.8
Throwing       | 3 |  3.1
Armour         | 3 |  3.1
Conjurations   | 1 |  1.4
Hexes          | 1 |  1.4
Summonings     | 1 |  1.4
Necromancy     | 1 |  1.4
Transmutations | 1 |  1.4
Fire Magic     | 1 |  1.4
Ice Magic      | 1 |  1.4
Air Magic      | 1 |  1.4
Earth Magic    | 1 |  1.4
Poison Magic   | 1 |  1.4
Fighting       | |  4.9
Short Blades   | |  4.9
Dodging        | |  4.9
Translocations | |  5.6

Action                     |  1- 3 |  4- 6 || total
---------------------------+-------+-------++-------
  Melee: Short sword       |   110 |    40 ||   150
         Bite              |    10 |     7 ||    17
         Punch             |     1 |       ||     1
         Staff             |     6 |       ||     6
   Fire: Sling             |    21 |    48 ||    69
  Throw: Throwing net      |       |     1 ||     1
    Use: Scroll            |       |     8 ||     8
 Armour: Leather armour    |    21 |     3 ||    24
  Dodge: Dodged            |    67 |    24 ||    91

Table legend: (Time is in decaauts)
 A = Elapsed time spent in this place.
 B = Non-inter-level travel time spent in this place.
 C = Inter-level travel time spent in this place.
 D = Time resting spent in this place.
 E = Time spent auto-exploring this place.
 F = Levels seen in this place.
 G = Mean time per level.
                   A        B        C        D        E       F      G
               +--------+--------+--------+--------+--------+-----+--------+
         Total |   3102 |   2935 |    167 |    284 |   1717 |   5 |  620.4 |
       Dungeon |   3102 |   2935 |    167 |    284 |   1717 |   5 |  620.4 |
               +--------+--------+--------+--------+--------+-----+--------+

Top non-repeatable levels by time:
     D:2: 927 daAuts
     D:4: 800 daAuts
     D:1: 710 daAuts
     D:3: 649 daAuts
     D:5: 13 daAuts
